 Dungeon Crawl Stone Soup version 0.30-a0-358-g0d69a1922f (webtiles) character file.

Game seed: 12829067112441388405

27815 funkygono the Arsonist (level 13, -8/100 HPs)
             Began as a Grey Draconian Fire Elementalist on Nov 9, 2022.
             Was a High Priest of Vehumet.
             Mangled by a cane toad (13 damage)
             ... on level 5 of the Lair of Beasts.
             The game lasted 00:30:33 (16373 turns).

funkygono the Arsonist (DrFE)                      Turns: 16373, Time: 00:30:33

Health: -8/100     AC: 19    Str: 12    XL:     13   Next: 6%
Magic:  22/30      EV: 13    Int: 19    God:    Vehumet [*****.]
Gold:   738        SH:  0    Dex: 12    Spells: 16/38 levels left

rFire   + + +      SeeInvis .    u - +4 scimitar (vamp)
rCold   x . .      Faith    +    b - orb {light}
rNeg    . . .      Spirit   .    (body armour unavailable)
rPois   .          Reflect  .    (helmet restricted)
rElec   .          Harm     .    r - +1 cloak
rCorr   +          Rampage  +    A - +1 pair of gloves
Will    .....                    m - +1 pair of boots
Stlth   +.........               F - amulet of Leynupeh {Faith Contam Rampage rF++ rCorr}
HPRegen 0.36/turn                l - ring of wizardry
MPRegen 0.22/turn                n - ring of fire

@: glowing
A: AC +13, amphibious, unfitting armour, cold-blooded
a: Renounce Religion


You were on level 5 of the Lair of Beasts.
You worshipped Vehumet.
Vehumet was extremely pleased with you.
You visited 2 branches of the dungeon, and saw 15 of its levels.
You also visited: Ossuary.

You collected 738 gold pieces.

Inventory:

Hand Weapons
 u - a +4 vampiric scimitar (weapon)
 K - a +4 falchion
Missiles
 M - 2 throwing nets
Armour
 b - an orb of light (worn)
 m - a +1 pair of boots (worn)
 r - a +1 cloak (worn)
 A - a +1 pair of gloves (worn)
Magical Staves
 s - a staff of earth
Jewellery
 e - a +6 ring of dexterity
 l - a ring of wizardry (left hand)
 n - a ring of fire (right hand)
 F - the amulet of Leynupeh (around neck) {Faith Contam Rampage rF++ rCorr}
   (You took it off a wight on level 8 of the Dungeon)

   [amulet of faith]

   It allows you to gain divine favour quickly.
   rF:        It greatly protects you from fire.
   Contam:    It causes magical contamination when unequipped.
   rCorr:     It protects you from acid and corrosion.
   Rampage:   It bestows one free step when moving towards enemies.
Wands
 k - a wand of charming (16)
 y - a wand of roots (14)
 z - a wand of digging (3)
 G - a wand of quicksilver (3)
Scrolls
 g - 2 scrolls of identify
 h - 2 scrolls of amnesia
 i - 6 scrolls of teleportation
 p - a scroll of magic mapping
 q - 2 scrolls of silence
 t - a scroll of poison
 x - a scroll of fear
Potions
 c - 15 potions of curing
 d - 3 potions of berserk rage
 f - 3 potions of haste
 j - 2 potions of mutation
 v - 3 potions of might
 B - a potion of resistance
 C - 4 potions of brilliance
 D - a potion of invisibility
Miscellaneous
 L - a phantom mirror


   Skills:
 + Level 5.2 Fighting
 + Level 0.2(3.2) Short Blades
 + Level 5.3 Long Blades
 + Level 1.3 Maces & Flails
 + Level 4.6 Dodging
 - Level 1.7 Stealth
 + Level 13.0 Spellcasting
 + Level 7.6 Conjurations
 + Level 0.1 Translocations
 + Level 1.3 Transmutations
 + Level 13.0 Fire Magic
 + Level 1.1 Air Magic
 + Level 2.2 Poison Magic


You had 16 spell levels left.
You knew the following spells:

 Your Spells              Type           Power      Damage    Failure   Level
a - Foxfire               Conj/Fire      100%       2x1d9     1%          1
b - Scorch                Fire           100%       2d10      1%          2
c - Kindle Blastsparks    Fire/Tloc/Air  90%        2d17      1%          3
d - Flame Wave            Conj/Fire      67%        2d15      1%          4
e - Shock                 Conj/Air       100%       1d9       1%          1
f - Mephitic Cloud        Conj/Pois/Air  26%        N/A       1%          3
g - Ignite Poison         Fire/Tmut/Pois 50%        N/A       1%          3
h - Iskenderun's Battles  Conj           41%        2d9       1%          5

Your spell library contained the following spells:

 Spells                   Type           Power      Damage    Failure   Level
 Ozocubu's Refrigeration  Ice            6%         4d8       96%         7
 Inner Flame              Hex/Fire       53%        N/A       1%          3
 Freezing Cloud           Conj/Ice/Air   11%        6-21      5%          5
 Animate Dead             Necr           12%        N/A       21%         4
 Haunt                    Necr/Summ      6%         N/A       100%        7
 Infestation              Necr           6%         N/A       100%        8


Dungeon Overview and Level Annotations

Branches:
Dungeon (11/15)            Temple (0/1) D:6            Lair (3/5) D:8
 Shoals (0/4) Lair:2        Snake (0/4) Lair:2          Orc (0/2) D:11
Ossuary (visited)

Altars:
Ashenzari
Elyvilon
Fedhas
Kikubaaqudgha
Makhleb
Trog
Uskayaw
Vehumet
Zin

Annotations:
D:11 1 runed translucent door, decrepitude's ghost, journeyman DjFE


Innate Abilities, Weirdness & Mutations

Your dull iron-grey scales are very hard. (AC +13)
You are amphibious.
You cannot fit into any form of body armour.
You are cold-blooded and may be slowed by cold attacks.


Message History

The snapping turtle bites you but does no damage.
Unknown command.
Casting: Scorch (safe; 1% risk of failure)
Confirm with . or Enter, or press ? or * to list all spells.
You feel a surge of power!
Flames lash the cane toad.
The cane toad is moderately wounded.
The cane toad's fire resistance burns away.
A manticore comes into view.
The cane toad is engulfed in a cloud of scalding steam.
The snapping turtle bites you!
* * * LOW HITPOINT WARNING * * *
Casting: Scorch (safe; 1% risk of failure)
Confirm with . or Enter, or press ? or * to list all spells.
You feel a surge of power!
Flames lash the snapping turtle but do no damage.
The snapping turtle bites you.
* * * LOW HITPOINT WARNING * * *
The cane toad closely misses you.
Casting: Scorch (safe; 1% risk of failure)
Confirm with . or Enter, or press ? or * to list all spells.
You don't have enough magic to cast this spell.
Unknown command.
Unknown command.
Magic courses through your body.
The snapping turtle is no longer more vulnerable to fire.
The snapping turtle barely misses you.
The cane toad stings you but does no damage.
Unknown command.
Casting: Scorch (safe; 1% risk of failure)
Confirm with . or Enter, or press ? or * to list all spells.
Casting: Flame Wave (safe; 1% risk of failure)
Press: ? - help, Dir - look around, f - activate You feel a surge of power!
A wave of flame ripples out!
The flame wave engulfs the snapping turtle!
The snapping turtle is almost dead.
The flame wave engulfs the cane toad!!
The cane toad is burned terribly!
The cane toad is almost dead. (Press . to intensify the flame waves.)
The snapping turtle barely misses you. The cane toad stings you!
You die...

##..#..#
###P.##.######
...P.....#...#
....P##......###
....#######....##
##### ###††.# #
###†.##### #
#...††F..####
##...@t..H...
#...#.#.....?
≈~.......§.~~.~
~≈~.#...~##~~##~
~~...#...# ~~#
.~.~..#..~ ~v~~
≈~..#...~~ ~ .
..~#


You could see a snapping turtle, a manticore and a cane toad (combustible).

Vanquished Creatures
  A hydra (Lair:5)
  Erolcha (D:10)
  A boulder beetle (D:11)
  A two-headed ogre (D:10)
  An oklob plant (Lair:2)
  A cyclops (D:11)
  3 manticores
  3 black mambas
  3 rime drakes
  5 cane toads
  9 komodo dragons
  A troll (D:11)
  3 hornets
  A polar bear (Lair:5)
  A wind drake (Lair:2)
  A snapping turtle (Lair:5)
  18 blink frogs
  A shadow (D:9)
  A vampire (D:10)
  5 wyverns
  2 steam dragons
  24 yaks
  4 basilisks
  3 vampire mosquitoes (D:10)
  2 acid dragons
  12 water moccasins
  2 ice beasts
  2 sky beasts
  2 black bears
  2 orc warriors
  5 ogres
  15 wolves
  3 centaurs
  2 phantoms
  9 bullfrogs
  4 gnoll sergeants
  4 water moccasin zombies (Ossuary)
  3 scorpions
  9 wights
  5 killer bees (D:8)
  5 electric eels
  6 howler monkeys
  A jelly (D:5)
  3 hounds
  A gnoll bouda (D:7)
  10 orc priests
  4 iguanas
  8 orc wizards
  2 mummies (Ossuary)
  27 gnolls
  9 adders
  2 shadow imps (D:6)
  2 white imps
  2 ufetubi
  6 adder zombies (Ossuary)
  A worm (D:4)
  A dart slug (D:1)
  29 orcs
  8 endoplasms
  5 giant cockroaches
  A gnoll zombie (Ossuary)
  10 goblins
  7 hobgoblins
  11 jackals
  7 kobolds
  6 quokkas
  11 ball pythons
  2 bats (D:1)
  A frilled lizard (D:3)
  A hobgoblin zombie (Ossuary)
  6 kobold zombies (Ossuary)
  4 orc zombies (Ossuary)
  13 rats
  A bush (D:8)
388 creatures vanquished.

Vanquished Creatures (collateral kills)
  3 foxfires
3 creatures vanquished.

Vanquished Creatures (others)
  951 foxfires
  29 fungi
  79 plants
1059 creatures vanquished.

Grand Total: 1450 creatures vanquished

Notes
Turn   | Place    | Note
-------+----------+-------------------------------------------
     0 | D:1      | funkygono the Draconian Fire Elementalist began the quest
                  | for the Orb.
     0 | D:1      | Reached XP level 1. HP: 14/14 MP: 3/3
   212 | D:1      | Reached XP level 2. HP: 20/20 MP: 3/5
   215 | D:1      | Learned a level 2 spell: Scorch
   637 | D:1      | Reached XP level 3. HP: 26/26 MP: 0/6
   641 | D:1      | Learned a level 3 spell: Kindle Blastsparks
  1459 | D:2      | Reached XP level 4. HP: 33/33 MP: 2/8
  1853 | D:2      | Reached skill level 1 in Maces & Flails
  2052 | D:2      | Found a bloodstained altar of Trog.
  2744 | D:3      | Reached XP level 5. HP: 39/39 MP: 4/9
  3704 | D:3      | Learned a level 4 spell: Flame Wave
  3768 | D:4      | Noticed a black bear
  3775 | D:4      | Killed a black bear
  3776 | D:4      | Reached XP level 6. HP: 46/46 MP: 5/12
  3856 | D:4      | Reached skill level 5 in Fire Magic
  4001 | D:4      | Your scales start taking on a dull iron-grey colour.
  4001 | D:4      | Reached XP level 7. HP: 40/51 MP: 5/14
  4019 | D:4      | Reached skill level 5 in Spellcasting
  4136 | D:4      | Reached skill level 1 in Fighting
  4880 | D:5      | Entered Level 5 of the Dungeon
  4886 | D:5      | Reached XP level 8. HP: 60/60 MP: 9/17
  5945 | D:6      | Found a radiant altar of Vehumet.
  5950 | D:6      | Became a worshipper of Vehumet
  5978 | D:6      | Reached XP level 9. HP: 65/67 MP: 17/21
  6128 | D:6      | Reached skill level 1 in Long Blades
  6387 | D:6      | Found a faded altar of an unknown god.
  6391 | D:6      | Found a staircase to the Ecumenical Temple.
  7521 | D:7      | Reached * piety under Vehumet
  7521 | D:7      | Offered knowledge of Shock by Vehumet.
  7989 | D:7      | Learned a level 1 spell: Shock
  8117 | D:8      | Reached skill level 5 in Conjurations
  8404 | D:8      | Found a sand-covered staircase.
  8409 | Ossuary  | Entered an ossuary
  8558 | Ossuary  | Reached ** piety under Vehumet
  8612 | Ossuary  | Offered knowledge of Static Discharge by Vehumet.
  8706 | Ossuary  | Reached XP level 10. HP: 60/73 MP: 15/23
  9164 | D:8      | Found a staircase to the Lair.
  9479 | D:8      | Offered knowledge of Mephitic Cloud by Vehumet.
  9735 | D:8      | Reached *** piety under Vehumet
  9839 | D:8      | Learned a level 3 spell: Mephitic Cloud
  9873 | D:9      | Found a glowing silver altar of Zin.
  9919 | D:9      | Paralysed by a hornet for 3 turns
  9927 | D:9      | Reached skill level 10 in Spellcasting
 10443 | D:9      | Reached skill level 10 in Fire Magic
 10528 | D:9      | Found a hide-covered altar of Uskayaw.
 10530 | D:9      | Found a blossoming altar of Fedhas.
 10530 | D:9      | Found a white marble altar of Elyvilon.
 10530 | D:9      | Found a burning altar of Makhleb.
 10532 | D:9      | Found an ancient bone altar of Kikubaaqudgha.
 10535 | D:9      | Found a broken altar of Ashenzari.
 10859 | D:9      | Learned a level 3 spell: Ignite Poison
 10884 | D:10     | Entered Level 10 of the Dungeon
 10990 | D:10     | Offered knowledge of Fulminant Prism by Vehumet.
 10991 | D:10     | Reached XP level 11. HP: 79/82 MP: 11/25
 11225 | D:10     | Noticed a two-headed ogre
 11230 | D:10     | Killed a two-headed ogre
 11571 | D:10     | Noticed Erolcha
 11579 | D:10     | Killed Erolcha
 11956 | D:11     | Found a runed translucent door.
 11956 | D:11     | Noticed an ogre mage
 11956 | D:11     | Noticed decrepitude's ghost (journeyman DjFE)
 12039 | D:11     | Found a staircase to the Orcish Mines.
 12253 | D:11     | Noticed a boulder beetle
 12972 | D:11     | Killed a boulder beetle
 12973 | D:11     | Reached skill level 1 in Poison Magic
 13287 | D:8      | Identified the amulet of Leynupeh {Faith Contam Rampage
                  | rF++ rCorr}
 13461 | Lair:1   | Entered Level 1 of the Lair of Beasts
 13613 | Lair:1   | Reached **** piety under Vehumet
 14108 | Lair:1   | Offered knowledge of Iskenderun's Battlesphere by Vehumet.
 14524 | Lair:1   | Learned a level 5 spell: Iskenderun's Battlesphere
 14552 | Lair:2   | Paralysed by a hornet for 2 turns
 14556 | Lair:2   | Reached XP level 12. HP: 61/91 MP: 18/27
 14673 | Lair:2   | Identified the +1 chain mail of Gietysak {rF++ Str-3
                  | Stlth+}
 14969 | Lair:2   | Reached skill level 1 in Air Magic
 15028 | Lair:2   | Reached ***** piety under Vehumet
 15198 | Lair:2   | Found a staircase to the Snake Pit.
 15216 | Lair:2   | Offered knowledge of Ozocubu's Refrigeration by Vehumet.
 15578 | Lair:2   | Found a staircase to the Shoals.
 15588 | Lair:2   | Reached skill level 1 in Transmutations
 15921 | Lair:3   | Reached skill level 5 in Long Blades
 15922 | Lair:3   | Noticed a death yak
 15929 | Lair:3   | Noticed a death yak
 15931 | Lair:3   | Noticed a four-headed hydra
 15984 | Lair:3   | You fall into a shaft and drop 2 floors!
 15984 | Lair:5   | Entered Level 5 of the Lair of Beasts
 15992 | Lair:5   | Noticed a five-headed hydra
 15999 | Lair:5   | Killed a six-headed hydra
 16000 | Lair:5   | Reached skill level 5 in Fighting
 16275 | Lair:5   | Reached XP level 13. HP: 35/100 MP: 6/29
 16371 | Lair:5   | HP: 4/100 [snapping turtle (6)]
 16373 | Lair:5   | Mangled by a cane toad

Illustrated notes

Levels and vault maps discovered:
D:1:      elethiomel_arrival_diamonds, layout_basic
D:2:      minmay_skewed_foursquare, layout_basic, basic_altar,
          minmay_fractal_squares_gapless_5
D:3:      layout_basic, item_on_display_a
D:4:      layout_rooms
D:5:      layout_rooms
D:6:      layout_basic, general_overflow_altar, nicolae_temple_entry_ecumenical
D:7:      layout_cave_pods
D:8:      wad_lake_hut, layout_loops_ring, minmay_lair_entry_grove,
          enter_ossuary_5
D:9:      layout_roguey, mainiacjoe_overflow_small_starburst, minitemple
D:10:     layout_rooms, uniq_erolcha
D:11:     layout_basic, orc_0_dummy, ebering_ghost_inner_flame
Lair:1:   layout_gridlike, minmay_stone_trees_small, grunt_megastairs_3,
          serial_bayou_shore_a
Lair:2:   layout_roguey, minmay_shoals_entry_beasts, dummy_snake_entry,
          grunt_megastairs_1, infiniplex_staircase_pool
Lair:3:   layout_gridlike, gauntlet_entry_generic, grunt_megastairs_4
Lair:5:   gammafunk_lair_ancient_temple, layout_big_grid,
          chequers_serial_rivers_small_3, gammafunk_lair_bear_cave, uniq_nessos

Skill      XL: |  1  2  3  4  5  6  7  8  9 10 11 12 13 |
---------------+----------------------------------------+-----
Dodging        | 2 3 4 |  4.6
Fire Magic     | 4 5 6 8 10 11 12 13 | 13.0
Maces & Flails | 1 |  1.3
Spellcasting   | 3 4 6 8 9 10 11 12 13 | 13.0
Conjurations   | 2 3 4 5 6 7 |  7.6
Fighting       | 1 2 3 4 5 |  5.2
Long Blades    | 2 3 4 5 |  5.3
Poison Magic   | 1 2 |  2.2
Air Magic      | 1 |  1.1
Transmutations | 1 |  1.3
Short Blades   | |  0.2
Stealth        | |  1.7
Translocations | |  0.1

Action                   |  1- 3 |  4- 6 |  7- 9 | 10-12 | 13-15 || total
-------------------------+-------+-------+-------+-------+-------++-------
Melee: Dagger            |     3 |       |       |       |       ||     3
       Whip              |     7 |     6 |       |       |       ||    13
       Tailslap          |       |     2 |    17 |    29 |     1 ||    49
       Long sword        |       |       |    47 |       |       ||    47
       Scimitar          |       |       |     5 |   127 |     1 ||   133
 Cast: Foxfire           |    56 |    87 |   197 |   189 |    23 ||   552
       Scorch            |     5 |    18 |    66 |   109 |    10 ||   208
       Kindle Blastspark |       |       |     4 |     3 |       ||     7
       Flame Wave        |       |       |     9 |    38 |     3 ||    50
       Mephitic Cloud    |       |       |       |    32 |       ||    32
       Ignite Poison     |       |       |       |    10 |       ||    10
  Use: Scroll            |       |    10 |     8 |    14 |       ||    32
       Potion            |       |       |     2 |     3 |     3 ||     8
 Stab: Confused          |       |       |       |     1 |       ||     1
Armor: Skin              |     8 |     7 |    69 |   113 |     7 ||   204
Dodge: Dodged            |    20 |    12 |    75 |   162 |    13 ||   282

Table legend: (Time is in decaauts)
 A = Elapsed time spent in this place.
 B = Non-inter-level travel time spent in this place.
 C = Inter-level travel time spent in this place.
 D = Time resting spent in this place.
 E = Time spent auto-exploring this place.
 F = Levels seen in this place.
 G = Mean time per level.
                   A        B        C        D        E       F      G
               +--------+--------+--------+--------+--------+-----+--------+
         Total |  16420 |  16056 |    364 |    624 |  12720 |  16 | 1026.2 |
       Dungeon |  13104 |  12765 |    339 |    624 |   9955 |  11 | 1191.3 |
          Lair |   2920 |   2895 |     25 |      0 |   2436 |   4 |  730.0 |
       Ossuary |    395 |    395 |      0 |      0 |    329 |   1 |  395.0 |
               +--------+--------+--------+--------+--------+-----+--------+

Top non-repeatable levels by time:
     D:8: 1643 daAuts
    D:11: 1512 daAuts
     D:2: 1481 daAuts
  Lair:2: 1392 daAuts
     D:7: 1371 daAuts
     D:1: 1339 daAuts
     D:4: 1265 daAuts
  Lair:1: 1087 daAuts
     D:9: 1031 daAuts
     D:6: 960 daAuts
     D:3: 908 daAuts
    D:10: 880 daAuts
     D:5: 709 daAuts
 Ossuary: 395 daAuts
  Lair:5: 389 daAuts
